Arrhythmia, chaotic female vampiric Convict --- --- -- --[---.--- ---- ---.-- |..<.....| |..-- --- --....---- |........| -- --...-- -----.-- --........-- --.--...-| ---.-- |.....----------- --.|....---...>......| -----...| |....| |............--.----...v.......*@......-- ---.-----....----.....-----...(.|........%--..--G.....| |...............|..-- |.....|.----....|---- ......- -- |..------....%--|..- |...|..*| |....- --...... -- ----.--.-- |-....| -... |..-|.--- |.....- ........ |..........| ----...--- ....- |.--|.| ---.... ............ --.......)[---.......| --.... |.| |.| |...-- ........?.- |.................--- ..... |.- -.| --..| ...........| --.......%...)....- ....... |. .| ---- ..........- ----......--......| ...-------- .| .......... |`.............| ----- .| .....---.... |.............-- --- ....| --- ---...........| ..-- ----........| ..| --..|.|.-- --- -------- Arrhythmia the Jail-bird Experience level: 8 Strength: 16 Dexterity: 14 Constitution: 16 Intelligence: 14 Wisdom: 11 Charisma: 6 Health: 0(77) Energy: 49(49) AC: 6 Gold: 0 Moves: 2945 Your Inventory: Armor i - an [uncursed] +0 slippery cloak [oilskin] (being worn) j - an uncursed +0 visored helmet [helmet] (being worn) q - an [uncursed] +0 pair of hard shoes [iron] (being worn) Scrolls D - an [uncursed] scroll labeled GHOTI [of food detection] Rings C - an [uncursed] black onyx ring [of see invisible] Tools f - an [uncursed] bag called Sack [sack] Iron balls c - an [uncursed] heavy iron ball (weapon in hand) Contents of the sack: 690 gold pieces a [cursed] convex amulet [of change] a cursed +0 striped shirt a [cursed] scroll labeled ETAOIN SHRDLU [of magic mapping] an [uncursed] scroll labeled JUYED AWK YACC [of identify] an [uncursed] scroll labeled LEP GEX VEN ZEA [of enchant weapon] an [uncursed] potion of oil an [uncursed] maple wand [of magic missile (0:8)] an [uncursed] wand called nohold [of teleportation (0:3)] an [uncursed] wand of enlightenment [0:12] an uncursed blindfold a [cursed magic] lamp an [uncursed] looking glass [mirror] a [cursed +0] unicorn horn an [uncursed] yellow gem [chrysoberyl] Spells known in the end: Name Level Category Fail Memory Your skills at the end: Fighting Skills Weapon Skills sling [Basic / Skilled] Spellcasting Skills Final Attributes: You were piously aligned. Hunger level was 182. Your alignment was 24 / 24. Monster difficulty range was 1 - 8. Level difficulty was 9. You were immune to poison. You were immune to level-drain. You were immune to sickness. You could fly. You could survive without air. You regenerated. Your luck was zero. You are dead. Vanquished creatures: 7 ettin zombies 4 wolves a panther a giant spider a werewolf a dingo a dwarf lord a water nymph 4 Mordor orcs 11 Uruk-hai 2 gnome lords a gnomish wizard an elf zombie 4 giant ants 2 floating eyes 7 dwarves a homunculus a rothe 2 giant bats an orc zombie a werejackal a killer bee an acid blob 2 coyotes 2 gas spores 3 hobbits 5 giant rats 3 cave spiders a yellow mold 28 gnomes 3 garter snakes 4 geckos 2 jackals a goblin 2 sewer rats 4 grid bugs a lichen 3 kobold zombies 2 newts 123 creatures vanquished. Voluntary challenges: You left the true Path of Zen. You went without food. You never hit with a wielded weapon. You read items or engraved 4 times. You put on armor 11 times. You never genocided any monsters. You never polymorphed an object. You never changed form. You used no wishes. You abstained from Elbereth's help. You encountered 1 bones level. You never used any Sokoban shortcuts. Dungeon overview: The Dungeons of Doom: levels 1 to 4 Level 1 a long staircase Level 2 a potion shop, some fountains Level 4 a fountain stairs to The Gnomish Mines The Gnomish Mines: levels 5 to 9 Level 5 stairs to The Dungeons of Doom Level 9 <- You were here History has recorded: On T:1 you entered the Dungeons of Doom to retrieve the Amulet of Yendor! On T:238 you advanced to experience level 2. On T:277 you advanced to experience level 3. On T:289 you reached level 2 of The Dungeons of Doom. On T:623 you advanced to experience level 4. On T:1010 you advanced to experience level 5. On T:1058 you reached level 3 of The Dungeons of Doom. On T:1269 you reached level 4 of The Dungeons of Doom. On T:1394 you reached level 1 of The Gnomish Mines. On T:1446 you advanced to experience level 6. On T:1717 you reached level 2 of The Gnomish Mines. On T:1788 you advanced to experience level 7. On T:2239 you advanced to experience level 8. On T:2251 you reached level 3 of The Gnomish Mines. On T:2698 you reached level 4 of The Gnomish Mines. On T:2825 you reached level 5 of The Gnomish Mines. Latest messages: The giant ant bites! [HP-6=14] You kill the giant ant! The gnome lord wields a thonged club! The gnomish wizard points at you, then curses. [HP+1=15] You hit the gnomish wizard! You bite the gnomish wizard. You feed on the lifeblood. The gnomish wizard suddenly seems weaker! The gnomish wizard dies! [HP+1=16] D - a scroll labeled GHOTI. The gnome lord swings his thonged club. The gnome lord hits! [HP-10=6] You miss the gnome lord. You bite the gnome lord. You feed on the lifeblood. The gnome lord suddenly seems weaker! The gnome lord swings his thonged club. The gnome lord hits! You die... Final status: Goodbye Arrhythmia the Convict... You died in The Gnomish Mines on dungeon level 9 with 6331 points, and 690 pieces of gold, after 2945 moves. You were level 8 with a maximum of 77 hit points when you died.